 Dungeon Crawl Stone Soup version 0.29-a0-1039-gfc20370e89 (webtiles) character file.

Game seed: 8086589601407177727

16 BritishOli the Trooper (level 2, -3/21 (24) HPs)
             Began as a Demonspawn Fighter on Aug 15, 2022.
             Slain by a goblin
             ... wielding a +0 club
             ... led by Robin
              (6 damage)
             ... on level 2 of the Dungeon.
             The game lasted 00:00:45 (857 turns).

BritishOli the Trooper (Demonspawn Fighter)          Turns: 857, Time: 00:00:45

HP:   -3/21 (24)    AC:  7    Str: 16    XL:     2   Next: 37%
MP:   2/2           EV:  8    Int:  9    God:
Gold: 26            SH:  4    Dex: 12    Spells: 1/1 levels left

rFire   . . .      SeeInvis .   a - +0 long sword
rCold   . . .      Faith    .   c - +0 buckler
rNeg    . . .      Spirit   .   b - +0 scale mail
rPois   .          Reflect  .   e - +0 helmet
rElec   .          Harm     .   (no cloak)
rCorr   .          Rampage  .   (no gloves)
Will    .....                   (no boots)
Stlth   ..........              (no amulet)
HPRegen 0.07/turn               (no ring)
MPRegen 0.08/turn               (no ring)

@: heavily drained
A: powered by pain 1
a: no special abilities


You were on level 2 of the Dungeon.
You visited 1 branch of the dungeon, and saw 2 of its levels.

You collected 26 gold pieces.

Inventory:

Hand Weapons
 a - a +0 long sword (weapon)
Armour
 b - a +0 scale mail (worn)
 c - a +0 buckler (worn)
 e - a +0 helmet (worn)
Scrolls
 f - a scroll of teleportation {unknown}
 g - 2 scrolls of identify {unknown}
 h - a scroll of vulnerability {unknown}
 j - a scroll of enchant weapon {unknown}
Potions
 d - a potion of might
 i - a potion of brilliance {unknown}


   Skills:
 + Level 3.2 Fighting
 + Level 2.0 Long Blades
 + Level 2.9 Armour
 + Level 2.9 Shields


You had one spell level left.
You didn't know any spells.
Your spell library was empty.

Dungeon Overview and Level Annotations

Branches:
Dungeon (2/15)

Altars:

Shops:
D:1 *

Annotations:
D:2 Robin


Innate Abilities, Weirdness & Mutations

You sometimes gain a little power by taking damage.


Message History

The hobgoblin moves out of view.
You hit the hobgoblin.
The hobgoblin is heavily wounded.
The hobgoblin barely misses you.
There are monsters nearby!
You hit the hobgoblin but do no damage.
The hobgoblin is heavily wounded.
The goblin hits you but does no damage. x2
Robin says, "Bow before me, strongest of all the hobgoblins!"
Robin throws the goblin at you! The hobgoblin hits you.
The goblin barely misses you. The goblin hits you with a +0 club.
The goblin hits you but does no damage. You block the goblin's attack.
The goblin hits you but does no damage. The hobgoblin barely misses you.
The goblin hits you but does no damage. The goblin attacks as you move away!
The goblin closely misses you. The goblin barely misses you.
Robin roars a battlecry!
The goblins go into a battle-frenzy!
The goblin barely misses you. The goblin attacks as you move away!
The goblin hits you with a +0 club. Robin throws the goblin at you!
The goblin hits you but does no damage.
You feel drained. The goblin attacks as you move away!
The goblin hits you with a +0 dagger. The goblin hits you but does no damage.
You feel drained.
Robin says, "Bow before me, strongest of all the hobgoblins!"
You closely miss the goblin.
The goblin hits you but does no damage. x2
You hit the goblin.
You kill the goblin!
The goblin attacks as you move away!
The goblin hits you with a +0 dagger of draining.
* * * LOW HITPOINT WARNING * * *
You feel drained.
* * * LOW HITPOINT WARNING * * *
Robin throws the goblin at you!
You barely miss the goblin. The goblin hits you but does no damage.
Robin throws the goblin at you! The goblin hits you with a +0 club.
* * * LOW HITPOINT WARNING * * *
A goblin breaks down the large door.
You block the goblin's attack. The goblin hits you with a +0 club.
You die...

......#........... #.#
.................####.#
....>.................#
####.....#.#.....###.#
........gg#.#.....###.###
.#.#++#g#gg...........^.#
#ggg#.#.........##
######g#.#.##..#####
#([bg'@gg......#
#?)Jr'g###.##..#
######.........#
#....)......#
#.#..##.###.# .....##..
.... .##.#.######.###
#.... .. #.# ### ...


You could see Robin, an endoplasm (asleep), 4 hobgoblins, 7 goblins, a bat
(asleep) and a rat (asleep).

Vanquished Creatures
  A dart slug (D:1)
  A bat (D:1)
  2 giant cockroaches (D:1)
  A goblin (D:2)
  A hobgoblin (D:1)
  4 kobolds
  3 rats (D:1)
13 creatures vanquished.

Notes
Turn   | Place    | Note
-------+----------+-------------------------------------------
     0 | D:1      | BritishOli the Demonspawn Fighter began the quest for the
                  | Orb.
     0 | D:1      | Reached XP level 1. HP: 18/18 MP: 1/1
    47 | D:1      | Found a faded altar of an unknown god.
   382 | D:1      | Found Mumoneg's Assorted Antiques.
   394 | D:1      | Gained mutation: You sometimes gain a little power by
                  | taking damage. [demonic ancestry]
   394 | D:1      | Reached XP level 2. HP: 24/24 MP: 2/2
   845 | D:2      | Noticed Robin
   857 | D:2      | Slain by a goblin

Illustrated notes

Levels and vault maps discovered:
D:1:      dpeg_arrival_water_temple_mockup, layout_basic, serial_shops,
          shop_fountains, basic_ecumenical_altar
D:2:      layout_basic, minmay_mini_jars, uniq_jessica, uniq_robin

Skill      XL: |  1 |
---------------+----+-----
Long Blades    | 2 |  2.0
Fighting       | |  3.2
Armour         | |  2.9
Shields        | |  2.9

Action                   || total
-------------------------++-------
Melee: Long sword        ||    39
Armor: Scale mail        ||    27
Dodge: Dodged            ||    23
Block: Buckler           ||    11

Table legend: (Time is in decaauts)
 A = Elapsed time spent in this place.
 B = Non-inter-level travel time spent in this place.
 C = Inter-level travel time spent in this place.
 D = Time resting spent in this place.
 E = Time spent auto-exploring this place.
 F = Levels seen in this place.
 G = Mean time per level.
                   A        B        C        D        E       F      G
               +--------+--------+--------+--------+--------+-----+--------+
         Total |    870 |    817 |     53 |      0 |    687 |   2 |  435.0 |
       Dungeon |    870 |    817 |     53 |      0 |    687 |   2 |  435.0 |
               +--------+--------+--------+--------+--------+-----+--------+

Top non-repeatable levels by time:
     D:1: 823 daAuts
     D:2: 46 daAuts
